 Dungeon Crawl Stone Soup version 0.21-a0-84-g85d6d27 (webtiles) character file.

4286 nikopol the Thaumaturge (level 10, -2/52 HPs)
             Began as a Deep Elf Fire Elementalist on June 24, 2017.
             Slain by an ogre
             ... wielding a +0 giant club
              (21 damage)
             ... on level 7 of the Dungeon.
             The game lasted 00:56:35 (12030 turns).

nikopol the Thaumaturge (DEFE)                     Turns: 12030, Time: 00:56:36

Health: -2/52      AC:  5    Str:  5    XL:     10   Next: 10%
Magic:  26/27      EV: 20    Int: 24    God:
Gold:   416        SH:  0    Dex: 28    Spells: 21/32 levels left

rFire    . . .     SeeInvis .   s - +1 dagger "Nokliumain" {pierce, rC+ Dex+8}
rCold    + . .     Gourm    +   (no shield)
rNeg     . . .     Faith    .   a - +0 robe
rPois    .         Spirit   .   (no helmet)
rElec    .         Reflect  .   M - scarf {repulsion}
rCorr    .         Harm     .   B - +1 pair of gloves
MR       ++...                  C - +0 pair of boots
Stlth    ++++......             i - amulet of the gourmand
HPRegen  0.17/turn              u - ring of protection from magic
MPRegen  0.20/turn              y - ring of wizardry

@: agile, repel missiles
A: no striking features
a: no special abilities


You were on level 7 of the Dungeon.
You were completely stuffed.

You visited 1 branch of the dungeon, and saw 7 of its levels.

You collected 416 gold pieces.

Inventory:

Hand Weapons
 d - a +0 short sword
 l - a +1 falchion of holy wrath
 n - the +7 mace "Imeol" {vamp, *Rage Dex+5, unknown}
   (You found it on level 7 of the Dungeon)

   It inflicts no extra harm, but heals its wielder when it wounds a living foe.
   It affects your dexterity (+5).
   It may make you go berserk in combat.
 s - the +1 dagger "Nokliumain" (weapon) {pierce, rC+ Dex+8}
   (You found it on level 7 of the Dungeon)

   It inflicts extra damage upon your enemies.
   It affects your dexterity (+8).
   It protects you from cold.
 F - a +3 short sword of freezing
Armour
 a - a +0 robe (worn)
 B - a +1 pair of gloves (worn)
 C - a +0 pair of boots (worn)
 M - a scarf of repulsion (worn)
Jewellery
 i - an amulet of the gourmand (around neck)
 u - a ring of protection from magic (left hand)
 y - a ring of wizardry (right hand)
 A - an uncursed ring of protection from fire
 D - an uncursed ring of flight {unknown}
Wands
 G - a wand of acid (2/15)
 J - a wand of random effects (11/48)
Scrolls
 g - 3 scrolls of identify
 p - 2 scrolls of immolation {unknown}
 r - 2 scrolls of random uselessness {unknown}
 v - 3 scrolls of fog
 w - 2 scrolls of enchant armour {unknown}
 z - 2 scrolls of recharging {unknown}
 I - a scroll of teleportation {unknown}
 K - a scroll of summoning
Potions
 e - 8 potions of curing
 h - 2 potions of ambrosia
 j - 2 potions of resistance
 m - 4 potions of mutation
 o - a potion of brilliance {unknown}
 t - 2 potions of heal wounds
 x - a potion of flight {unknown}
 E - a potion of agility
 H - a potion of haste {unknown}
Books
 b - a book of Flames

   Spells                             Type                      Level
   a - Flame Tongue                   Conjuration/Fire             1
   b - Throw Flame                    Conjuration/Fire             2
   c - Conjure Flame                  Conjuration/Fire             3
   d - Inner Flame                    Hexes/Fire                   3
   e - Sticky Flame                   Conjuration/Fire             4
   f - Fireball                       Conjuration/Fire             5
 L - a book of Callings

   Spells                             Type                      Level
   a - Summon Small Mammal            Summoning                    1
   b - Call Imp                       Summoning                    2
   c - Call Canine Familiar           Summoning                    3
   d - Summon Guardian Golem          Hexes/Summoning              3
   e - Summon Lightning Spire         Summoning/Air                4
   f - Summon Ice Beast               Ice/Summoning                4
Comestibles
 c - 5 bread rations
 f - a royal jelly
 k - 7 meat rations
 q - 8 fruits


   Skills:
 + Level 1.2 Fighting
 + Level 3.5 Dodging
 + Level 4.2 Stealth
 + Level 11.7 Spellcasting
 + Level 8.9 Conjurations
 + Level 8.9 Fire Magic


You had 21 spell levels left.
You knew the following spells:

 Your Spells              Type           Power        Failure   Level  Hunger
a - Flame Tongue          Conj/Fire      #####        1%          1    None
b - Throw Flame           Conj/Fire      ######       1%          2    None
c - Conjure Flame         Conj/Fire      ######..     1%          3    None
d - Fireball              Conj/Fire      ######....   1%          5    ###....


Dungeon Overview and Level Annotations

Branches:
Dungeon (7/15)             Temple (0/1) D:6

Altars:
Ashenzari
Cheibriados
Elyvilon
Kikubaaqudgha
Nemelex Xobeh
Okawaru
Ru
Sif Muna
Yredelemnul
Zin
The Shining One

Annotations:
D:2 Sigmund
D:7 1 runed door


Message History

Casting: Flame Tongue
Confirm with . or Enter, or press ? or * to list all spells.
Aiming: Flame Tongue
Press: ? - help, Shift-Dir - straight line, f/p - ogre
Aim: an ogre, wielding a giant club (moderately wounded)
The flame tongue hits the ogre.
The ogre is moderately wounded.
The ogre hits you with a giant club!
Casting: Flame Tongue
Confirm with . or Enter, or press ? or * to list all spells.
Aiming: Flame Tongue
Press: ? - help, Shift-Dir - straight line, f/p - ogre
Aim: an ogre, wielding a giant club (moderately wounded)
The flame tongue hits the ogre.
The ogre is heavily wounded.
The ogre hits you with a giant club!!
You see here 11 stones.
You feel agile all of a sudden. The ogre hits you with a giant club!!
You die...

## #.# #..÷.# #.# #...## ###
########.###(### #.#
#.#.#[#...##.# #.#
#.##.#.###.#.#### #.#
#.##...# #......# #.#
#.####.###.###).# #.#
#.#####...####..#### #.#
#.....@O........÷..#### #.#
#############...##..... #.#
###########.......###
#.######.............###.###
#........#########.#####.#..
########## #..........
#########.. ### #


You could see an ogre.

Vanquished Creatures
  Pikel (D:7)
  The ghost of bohran the Slicer, a novice KoHu of Dithmenos (D:7)
  The ghost of nikopol the Chopper, an amateur MiBe of Trog (D:4)
  Prince Ribbit (D:7)
  A hippogriff (D:7)
  A hungry ghost (D:7)
  A steam dragon (D:5)
  4 slaves (D:7)
  An orc warrior (D:7)
  3 ogres
  4 phantoms (D:5)
  3 centaurs (D:6)
  7 big kobolds (D:3)
  A scorpion (D:7)
  7 wights
  A howler monkey (D:6)
  2 hounds
  An orc priest (D:7)
  2 bullfrog skeletons
  Jessica (D:3)
  An iguana (D:4)
  Terence (D:3)
  3 worker ants
  A hound zombie (D:5)
  A mummy (D:4)
  8 gnolls
  A howler monkey skeleton (D:4)
  13 adders
  A shadow imp (D:5)
  2 oozes (D:3)
  An adder skeleton (D:6)
  2 adder zombies
  4 worms
  3 dart slugs
  3 leopard geckos
  4 orcs
  3 ball pythons
  5 giant cockroaches
  6 goblins
  7 hobgoblins
  5 jackals
  57 kobolds
  4 quokkas
  8 bats
  9 frilled lizards
  A hobgoblin zombie (D:4)
  A jackal skeleton (D:3)
  2 kobold zombies (D:4)
  An orc zombie (D:4)
  A quokka skeleton (D:4)
  5 rats
  5 fungi
213 creatures vanquished.

Vanquished Creatures (others)
  A fungus (D:5)
1 creature vanquished.

Grand Total: 214 creatures vanquished

Notes
Turn   | Place    | Note
-------+----------+-------------------------------------------
     0 | D:1      | nikopol the Deep Elf Fire Elementalist began the quest for the Orb.
     0 | D:1      | Reached XP level 1. HP: 10/10 MP: 6/6
   175 | D:1      | Reached XP level 2. HP: 12/15 MP: 2/8
   594 | D:1      | Learned a level 2 spell: Throw Flame
   865 | D:2      | Reached XP level 3. HP: 17/19 MP: 5/10
   946 | D:2      | Found a deep blue altar of Sif Muna.
   955 | D:2      | Found an ancient bone altar of Kikubaaqudgha.
  1023 | D:2      | Found an iron altar of Okawaru.
  1035 | D:2      | Noticed Sigmund
  1049 | D:2      | Learned a level 3 spell: Conjure Flame
  1502 | D:2      | Found a shattered altar of Ashenzari.
  1542 | D:2      | Reached skill level 4 in Spellcasting
  2001 | D:1      | Reached XP level 4. HP: 3/24 MP: 3/12
  2499 | D:3      | Noticed Terence
  2718 | D:3      | Noticed Jessica
  2723 | D:3      | Killed Jessica
  2883 | D:3      | Noticed an ogre
  2897 | D:3      | Killed an ogre
  2897 | D:3      | Reached skill level 5 in Spellcasting
  2897 | D:3      | Reached XP level 5. HP: 28/28 MP: 5/14
  2904 | D:3      | Learned a level 5 spell: Fireball
  2973 | D:3      | Killed Terence
  3405 | D:3      | Reached skill level 5 in Fire Magic
  3460 | D:3      | Reached skill level 6 in Spellcasting
  3460 | D:3      | Reached XP level 6. HP: 32/32 MP: 11/17
  4407 | D:3      | Reached XP level 7. HP: 34/36 MP: 3/19
  4450 | D:3      | Reached skill level 7 in Spellcasting
  6258 | D:4      | Found a glowing silver altar of Zin.
  6400 | D:4      | Noticed nikopol's ghost (amateur MiBe)
  6852 | D:4      | Killed nikopol's ghost
  6852 | D:4      | Reached skill level 8 in Spellcasting
  6852 | D:4      | Reached skill level 5 in Conjurations
  6852 | D:4      | Reached XP level 8. HP: 42/42 MP: 5/22
  7239 | D:5      | Entered Level 5 of the Dungeon
  7460 | D:5      | Found a sacrificial altar of Ru.
  7728 | D:5      | Reached skill level 1 in Fighting
  7760 | D:5      | Reached skill level 9 in Spellcasting
  8701 | D:6      | Found a staircase to the Ecumenical Temple.
  8894 | D:6      | Found a sparkling altar of Nemelex Xobeh.
  8957 | D:6      | Reached XP level 9. HP: 29/47 MP: 19/24
  9491 | D:6      | Found a basalt altar of Yredelemnul.
 10014 | D:6      | Found a white marble altar of Elyvilon.
 10062 | D:6      | Reached skill level 10 in Spellcasting
 10505 | D:7      | Found a snail-covered altar of Cheibriados.
 10513 | D:7      | Noticed Pikel
 10613 | D:7      | Killed Pikel
 10720 | D:7      | Got a warped dagger
 10726 | D:7      | Identified the +1 dagger "Nokliumain" {pierce, rC+ Dex+8} (You found it on level 7 of the Dungeon)
 10730 | D:7      | Got a faintly glowing mace
 10819 | D:7      | Found a runed door.
 10846 | D:7      | Found a glowing golden altar of the Shining One.
 10988 | D:7      | Noticed Prince Ribbit
 10996 | D:7      | Killed Prince Ribbit
 10996 | D:7      | Reached skill level 11 in Spellcasting
 11174 | D:7      | Noticed bohran's ghost (novice KoHu)
 11233 | D:7      | Killed bohran's ghost
 11359 | D:7      | Reached XP level 10. HP: 36/52 MP: 20/27
 12030 | D:7      | Slain by an ogre

Vault maps used:
D:1:      saegor_arrival_simple_d, serial_glass, glass_columns_a,
          glass_columns_a, glass_columns_a, glass_columns_a, glass_columns_a,
          glass_columns_a, glass_columns_a, glass_columns_b
D:2:      ashenzari_conservatory_becter, amethyst_overflow_temple_binary,
          okawaru_ov_weapons_minmay, uniq_sigmund
D:3:      minmay_goblin_kobold_castle, first_bread, uniq_terence, uniq_jessica
D:4:      lemuel_round_altar, minmay_mini_ossuary
D:5:      kennysheep_steamy, nicolae_ru_sacrificial_ziggurat
D:6:      kennysheep_ying_yang, overflow_temple_1_default,
          minmay_temple_entry_from_below_a
D:7:      nicolae_overflow_hidden_temple, lemuel_crystal_altar,
          lemuel_crystal_altar, grunt_ogre_cave, minivault_10,
          minmay_misc_feat_columns, uniq_crazy_yiuf_cottage, uniq_pikel,
          uniq_prince_ribbit1

Skill      XL: |  1  2  3  4  5  6  7  8  9 |
---------------+----------------------------+-----
Fire Magic     | 4 5 6 7 8 |  8.9
Spellcasting   | 4 5 6 8 9 11 | 11.7
Stealth        | 3 4 |  4.2
Conjurations   | 2 3 5 6 8 |  8.9
Fighting       | 1 |  1.2
Dodging        | 3 |  3.5

Action                   |  1- 3 |  4- 6 |  7- 9 | 10-12 || total
-------------------------+-------+-------+-------+-------++-------
Melee: Short sword       |     2 |       |    58 |       ||    60
       Dagger            |       |       |    48 |       ||    48
       Falchion          |       |       |     1 |       ||     1
 Cast: Flame Tongue      |    66 |   118 |   332 |    43 ||   559
       Throw Flame       |     3 |    12 |    19 |       ||    34
       Conjure Flame     |     3 |     5 |     9 |     3 ||    20
       Fireball          |       |       |     4 |     1 ||     5
  Use: Scroll            |       |       |    12 |       ||    12
       Potion            |       |       |       |     1 ||     1
  Eat: Chunk             |     3 |     7 |    31 |     2 ||    43
       Royal jelly       |       |       |     1 |       ||     1
Armor: Robe              |     5 |     3 |     8 |     1 ||    17
Dodge: Dodged            |    13 |    39 |    59 |     4 ||   115
       Rpst.: Falchion   |       |       |     2 |       ||     2
